 Dungeon Crawl Stone Soup version 0.21-a0-434-g806c6c2 (webtiles) character file.

100 slep the Slasher (level 4, 0/34 HPs)
             Began as a Demonspawn Gladiator on Nov 8, 2017.
             Was a Believer of Uskayaw.
             Slain by a gnoll
             ... wielding a +0 flail
              (9 damage)
             ... on level 3 of the Dungeon.
             The game lasted 00:06:30 (1494 turns).

slep the Slasher (Demonspawn Gladiator)             Turns: 1494, Time: 00:06:30

Health: 0/34       AC:  4    Str: 14    XL:     4   Next: 46%
Magic:  4/4        EV: 13    Int:  9    God:    Uskayaw [**....]
Gold:   127        SH:  0    Dex: 16    Spells: 3/3 levels left

rFire    . . .     SeeInvis .   a - +0 long sword
rCold    . . .     Gourm    .   (no shield)
rNeg     . . .     Faith    .   b - +0 leather armour
rPois    .         Spirit   .   (helmet restricted)
rElec    .         Reflect  .   (no cloak)
rCorr    .         Harm     .   i - +0 pair of gloves (curse)
MR       .....                  (no boots)
Stlth    +.........             (no amulet)
HPRegen  0.11/turn              (no ring)
MPRegen  0.09/turn              (no ring)

@: no status effects
A: horns 1, rot immunity
a: Stomp, Line Pass, Renounce Religion


You were on level 3 of the Dungeon.
You worshipped Uskayaw.
Uskayaw was noncommittal.
You were not hungry.

You visited 1 branch of the dungeon, and saw 3 of its levels.

You collected 127 gold pieces.

Inventory:

Hand Weapons
 a - a +0 long sword (weapon)
Missiles
 d - 3 throwing nets (quivered)
 q - 2 poisoned tomahawks
Armour
 b - a +0 leather armour (worn)
 c - a +0 helmet
 i - a cursed +0 pair of gloves (worn)
Scrolls
 e - 2 scrolls of teleportation {unknown}
 k - a scroll of recharging {unknown}
 m - 2 scrolls of identify {unknown}
 n - 3 scrolls of remove curse {unknown}
 s - a scroll of enchant armour {unknown}
Potions
 g - a potion of flight {unknown}
 h - a potion of lignification {unknown}
 o - 2 potions of degeneration {unknown}
 r - a potion of magic {unknown}
Comestibles
 f - 2 bread rations
 j - 2 meat rations
 l - 3 fruits


   Skills:
 + Level 2.7 Fighting
 + Level 3.5 Long Blades
 + Level 2.0 Throwing
 + Level 0.9 Armour
 + Level 3.4 Dodging
 + Level 0.3 Stealth


You had 3 spell levels left.
You didn't know any spells.

Dungeon Overview and Level Annotations

Branches:
Dungeon (3/15)

Altars:
Uskayaw


Innate Abilities, Weirdness & Mutations

You have a pair of small horns on your head.
You are immune to rotting.


Message History

The gnoll is almost dead.
The gnoll barely misses you.
You riposte.
You hit the gnoll.
You kill the gnoll!
The gnoll hits you with a flail.
A gnoll comes into view.
The gnoll shouts!
You hit the gnoll.
The gnoll is moderately wounded.
The gnoll hits you with a flail!
* * * LOW HITPOINT WARNING * * *
You hit the gnoll.
The gnoll is moderately wounded.
The gnoll misses you.
You hit the gnoll but do no damage.
The gnoll is moderately wounded.
The gnoll hits you but does no damage.
You hit the gnoll.
The gnoll is severely wounded.
The gnoll hits you with a flail!
You die...

###### ###....
#.....#
###....g###.###
#.......@g.>..#
.#.%.?.#####.#
#.....#
###.#### #<...#
#..#>....
##...#### ..##
..#


You could see 2 gnolls.

Vanquished Creatures
  A gnoll (D:3)
  3 adders (D:2)
  A worm (D:2)
  A dart slug (D:1)
  7 leopard geckos
  5 bats
  A giant cockroach (D:2)
  8 goblins
  6 hobgoblins
  4 kobolds
  2 quokkas (D:2)
  A ball python (D:2)
  4 frilled lizards
  4 rats
  A plant (D:2)
49 creatures vanquished.

Notes
Turn   | Place    | Note
-------+----------+-------------------------------------------
     0 | D:1      | slep the Demonspawn Gladiator began the quest for the Orb.
     0 | D:1      | Reached XP level 1. HP: 16/16 MP: 1/1
   174 | D:1      | Gained mutation: You have a pair of small horns on your head. [demonic ancestry]
   174 | D:1      | Reached XP level 2. HP: 21/23 MP: 2/2
   681 | D:2      | Reached XP level 3. HP: 12/28 MP: 3/3
   953 | D:2      | Gained mutation: You are immune to rotting. [demonic ancestry]
   953 | D:2      | Reached XP level 4. HP: 14/34 MP: 4/4
  1288 | D:2      | Found a faded altar of an unknown god.
  1299 | D:2      | Became a worshipper of Uskayaw the Reveler
  1299 | D:2      | Reached * piety under Uskayaw
  1488 | D:3      | Reached ** piety under Uskayaw
  1494 | D:3      | Slain by a gnoll

Vault maps used:
D:1:      eino_arrival_cavern_e
D:2:      chequers_ecumenical_altar_island, serial_forest,
          infiniplex_forest_corner_1, infiniplex_forest_fountain,
          infiniplex_forest_3_way, infiniplex_forest_straight_2,
          infiniplex_forest_zigzag_2, infiniplex_forest_pool,
          kennysheep_generic_room_5
D:3:      bloody_trog, first_bread

Skill      XL: |  1  2 |
---------------+-------+-----
Dodging        | 3 |  3.4
Throwing       | 2 |  2.0
Long Blades    | 3 |  3.5
Fighting       | |  2.7
Armour         | |  0.9
Stealth        | |  0.3

Action                   |  1- 3 |  4- 6 || total
-------------------------+-------+-------++-------
Melee: Long sword        |    85 |    72 ||   157
       Headbutt          |    16 |    19 ||    35
 Stab: Sleeping          |       |     2 ||     2
  Eat: Chunk             |       |     2 ||     2
Armor: Leather armour    |    14 |     8 ||    22
Dodge: Dodged            |    62 |    24 ||    86
       Rpst.: Long sword |    22 |     5 ||    27

Table legend:
 A = Spawn XP
 B = Non-spawn XP
 C = Spawn XP percentage of total XP
 D = Spawn monster count
 E = Non-spawn monster count
 F = Spawn count percentage of total count
 G = Total turns spent on level
                    A         B        C        D         E        F      G
               +---------+---------+-------+---------+---------+-------+---------
         Total |       0 |     143 |   0.0 |       0 |      48 |   0.0 |  1494
               +---------+---------+-------+---------+---------+-------+---------
           D:1 |       0 |      27 |   0.0 |       0 |      13 |   0.0 |   628
           D:2 |       0 |      98 |   0.0 |       0 |      33 |   0.0 |   853
           D:3 |       0 |      18 |   0.0 |       0 |       2 |   0.0 |    13
               +---------+---------+-------+---------+---------+-------+---------
